 Dungeon Crawl Stone Soup version 0.29.1-15-g9cfb28693d (webtiles) character file.

Game seed: 8886630030473410921

11185 Wiggles the Severer (level 11, 0/82 HPs)
             Began as a Minotaur Berserker on Mar 29, 2023.
             Was a High Priest of Trog.
             Killed from afar by an acid dragon (10 damage)
             ... with a splash of acid
             ... on level 11 of the Dungeon.
             The game lasted 00:18:04 (8594 turns).

Wiggles the Severer (Minotaur Berserker)            Turns: 8594, Time: 00:18:04

Health: 0/82       AC: 12    Str: 26    XL:     11   Next: 46%
Magic:  10/10      EV: 12    Int:  4    God:    Trog [*****.]
Gold:   591        SH:  0    Dex: 16    Spells: 10/10 levels left

rFire   + . .      SeeInvis .   o - +1 battleaxe (freeze)
rCold   + . .      Faith    .   (shield currently unavailable)
rNeg    . . .      Spirit   .   l - +0 plate armour
rPois   +          Reflect  .   (helmet restricted)
rElec   +          Harm     .   w - +0 cloak
rCorr   +          Rampage  .   f - +1 pair of gloves
Will    .....                   e - +1 pair of boots
Stlth   ..........              a - amulet of regeneration
HPRegen 1.03/turn               d - +4 ring of evasion
MPRegen 0.12/turn               x - +6 ring of dexterity

@: resistant, corroded, on berserk cooldown, slowed, very slow
A: horns 2, retaliatory headbutt
a: Renounce Religion, Berserk, Trog's Hand, Brothers in Arms


You were on level 11 of the Dungeon.
You worshipped Trog.
Trog was extremely pleased with you.
You visited 1 branch of the dungeon, and saw 11 of its levels.

You collected 591 gold pieces.

Inventory:

Hand Weapons
 o - a +1 battleaxe of freezing (weapon)
Missiles
 D - 2 throwing nets (quivered)
Armour
 e - a +1 pair of boots (worn)
 f - a +1 pair of gloves (worn)
 l - a +0 plate armour (worn)
 w - a +0 cloak (worn)
Jewellery
 a - an amulet of regeneration (around neck)
 d - a +4 ring of evasion (left hand)
 h - an amulet of the acrobat
 j - a ring of flight
 m - a +6 ring of intelligence
 x - a +6 ring of dexterity (right hand)
 z - a ring of fire
 E - an amulet of faith
Wands
 u - a wand of flame (41)
 y - a wand of polymorph (3)
 F - a wand of acid (2)
Scrolls
 b - 3 scrolls of magic mapping
 q - 7 scrolls of teleportation
 r - 2 scrolls of fear
 t - 2 scrolls of blinking
Potions
 c - 3 potions of mutation
 g - 2 potions of brilliance
 i - 3 potions of magic
 k - 3 potions of flight
 n - 3 potions of curing
 p - 3 potions of lignification
 s - 2 potions of cancellation
 v - 4 potions of invisibility
 A - 4 potions of might
 B - a potion of resistance
 C - a potion of heal wounds {unknown}


   Skills:
 - Level 3.6 Fighting
 + Level 20.7 Axes
 - Level 2.4 Armour
 - Level 2.1 Dodging
 + Level 2.6 Stealth


You had 10 spell levels left.
You didn't know any spells.
Your spell library was empty.

Dungeon Overview and Level Annotations

Branches:
Dungeon (11/15)            Temple (0/1) D:7            Lair (0/5) D:10
    Orc: D:9-12

Altars:
Fedhas
Gozag
Hepliaklqana
Kikubaaqudgha
Qazlal
Ru
Vehumet
Xom

Shops:
D:5 *   D:6 **


Innate Abilities, Weirdness & Mutations

You have a pair of horns on your head.
You reflexively headbutt those who attack you in melee.


Message History

You feel yourself slow down.
You feel sick. Something hits you but does no damage.
You feel very sick. Something hits you but does no damage. Something hits you.
* * * LOW HITPOINT WARNING * * *
You see here a +1 demon whip of venom.
You feel sick. Something hits you but does no damage. Something hits you.
* * * LOW HITPOINT WARNING * * *
It was a potion of resistance.
You feel protected.
You feel sick. Something hits you but does no damage.
An acid dragon comes into view.
You feel better. Something hits you.
* * * LOW HITPOINT WARNING * * *
Something hits you but does no damage.
The sentinel's mark upon you fades away.
Something hits you but does no damage. The acid dragon spits acid at you.
The splash of acid hits you. You resist.
* * * LOW HITPOINT WARNING * * *
The acid corrodes you! Something hits you but does no damage.
Something hits you but does no damage.
You closely miss something. Your headbutt misses something.
Something barely misses you. Something hits you.
You barely miss the acid dragon. You barely miss something.
Something hits you but does no damage. Something hits you.
* * * LOW HITPOINT WARNING * * *
The acid dragon bites you!
* * * LOW HITPOINT WARNING * * *
The acid dragon claws you but does no damage.
You slash the acid dragon! You freeze the acid dragon.
Your headbutt misses the acid dragon.
The acid dragon is severely wounded.
You miss something. Something hits you.
* * * LOW HITPOINT WARNING * * *
The acid dragon spits acid at you. The splash of acid hits you! You resist.
You die...

...................#.#.........#
....#..................#......##
..######........>.....##...##.#
..# ###...............#...####
.## #........#(............# .#
##......####.......#...# .##
#.......######.....#...## ..#
##......##..............#
.#####........#D@...#........#
..#.#............#.###....#.##
.....#....##.....### ##...###
..............).## #......#
.###.###......### ##...###
####.###.....## ##### #
........#..# #.....)....#
..........?#


You could see an acid dragon (catching breath).

Vanquished Creatures
  A two-headed ogre (D:9)
  Amaemon (D:11)
  A cyclops (D:11)
  Maurice (D:9)
  An orange demon (D:11)
  A gargoyle (D:11)
  A komodo dragon (D:11)
  A troll (D:9)
  A shadow (D:10)
  8 yaks (D:10)
  Eustachio (D:5)
  A wyvern (D:9)
  3 steam dragons
  Grum (D:10)
  An acid dragon (D:8)
  2 water moccasins (D:10)
  2 ice beasts
  2 sky beasts (D:7)
  3 black bears (D:10)
  4 orc warriors
  An ogre (D:5)
  3 wolves (D:10)
  3 centaurs
  3 phantoms
  5 bullfrogs
  A kobold brigand (D:5)
  Blork the orc (D:5)
  2 scorpions
  3 necrophages
  22 wights (D:8)
  19 killer bees
  7 howler monkeys
  4 hounds
  4 jellies
  2 gnoll boudas
  7 orc priests
  3 iguanas
  11 orc wizards
  8 gnolls
  8 adders
  A shadow imp (D:5)
  2 white imps
  2 ufetubi (D:6)
  2 worms
  2 dart slugs (D:3)
  34 orcs
  6 bats
  5 endoplasms
  2 giant cockroaches
  6 goblins
  9 hobgoblins
  10 kobolds
  5 quokkas
  6 ball pythons
  5 frilled lizards
  13 rats
264 creatures vanquished.

Vanquished Creatures (others)
  52 fungi (D:10)
  46 plants
98 creatures vanquished.

Grand Total: 362 creatures vanquished

Notes
Turn   | Place    | Note
-------+----------+-------------------------------------------
     0 | D:1      | Wiggles the Minotaur Berserker began the quest for the Orb.
     0 | D:1      | Reached XP level 1. HP: 19/19 MP: 0/0
    70 | D:1      | Reached skill level 4 in Axes
    97 | D:1      | Reached XP level 2. HP: 25/26 MP: 1/1
   487 | D:1      | Reached ** piety under Trog
   527 | D:1      | Reached skill level 5 in Axes
   603 | D:1      | Reached XP level 3. HP: 29/31 MP: 2/2
   978 | D:2      | Reached XP level 4. HP: 38/39 MP: 3/3
  1052 | D:2      | Reached skill level 6 in Axes
  1449 | D:3      | Noticed a phantom
  1474 | D:3      | Killed a phantom
  1475 | D:3      | Reached skill level 7 in Axes
  1475 | D:3      | Reached XP level 5. HP: 30/45 MP: 4/4
  1620 | D:3      | Found a sacrificial altar of Ru.
  1647 | D:3      | Reached skill level 8 in Axes
  1773 | D:3      | Reached XP level 6. HP: 51/51 MP: 5/5
  1906 | D:3      | Found a faded altar of an unknown god.
  2062 | D:3      | Found an ancient bone altar of Kikubaaqudgha.
  2071 | D:3      | Found an opulent altar of Gozag.
  2830 | D:4      | Reached skill level 1 in Stealth
  2873 | D:4      | Reached *** piety under Trog
  3133 | D:5      | Entered Level 5 of the Dungeon
  3148 | D:5      | Reached skill level 9 in Axes
  3190 | D:5      | Reached XP level 7. HP: 52/55 MP: 6/6
  3328 | D:5      | Noticed a steam dragon
  3337 | D:5      | Killed a steam dragon
  3338 | D:5      | Reached skill level 10 in Axes
  3503 | D:5      | Found Rumukhiu's General Store.
  3512 | D:5      | Noticed Blork the orc
  3520 | D:5      | Killed Blork the orc
  3521 | D:5      | Reached skill level 11 in Axes
  3746 | D:5      | Noticed Eustachio
  3765 | D:5      | Reached XP level 8. HP: 64/64 MP: 7/7
  3769 | D:5      | Killed Eustachio
  3997 | D:5      | Reached skill level 12 in Axes
  4683 | D:6      | Reached skill level 13 in Axes
  4742 | D:6      | Found a radiant altar of Vehumet.
  4742 | D:6      | Found a blossoming altar of Fedhas.
  5009 | D:6      | Found Itroej's Specific Store.
  5015 | D:6      | Found Enwocel's General Store.
  5118 | D:6      | Found a hazy altar of Hepliaklqana.
  5199 | D:6      | Reached **** piety under Trog
  5303 | D:7      | Found a stormy altar of Qazlal.
  5306 | D:7      | Noticed an air elemental
  5312 | D:7      | Reached skill level 14 in Axes
  5455 | D:7      | Reached XP level 9. HP: 63/70 MP: 8/8
  5524 | D:7      | Found a staircase to the Ecumenical Temple.
  5699 | D:7      | Found a shimmering altar of Xom.
  5776 | D:7      | Reached skill level 15 in Axes
  6126 | D:8      | Reached skill level 16 in Axes
  6363 | D:8      | Reached XP level 10. HP: 62/74 MP: 9/9
  6749 | D:9      | Reached skill level 17 in Axes
  6870 | D:9      | Identified the +6 short sword "Nuagupom" {venom, Str+4
                  | SInv}
  7030 | D:9      | Noticed Maurice
  7039 | D:9      | Killed Maurice
  7039 | D:9      | Reached ***** piety under Trog
  7148 | D:9      | Reached skill level 18 in Axes
  7149 | D:9      | Noticed a two-headed ogre
  7158 | D:9      | Killed a two-headed ogre
  7572 | D:10     | Entered Level 10 of the Dungeon
  7580 | D:10     | Reached skill level 19 in Axes
  7812 | D:10     | Reached XP level 11. HP: 74/82 MP: 10/10
  7860 | D:10     | Found a staircase to the Lair.
  7986 | D:10     | Noticed Grum
  7995 | D:10     | Reached skill level 20 in Axes
  7996 | D:10     | Killed Grum
  8547 | D:11     | Noticed Amaemon
  8573 | D:11     | Killed Amaemon
  8594 | D:11     | Killed from afar by an acid dragon

Illustrated notes

Levels and vault maps discovered:
D:1:      psy_arrival_heroes, layout_loops_ring
D:2:      layout_basic, serial_park_tiny_2
D:3:      layout_rooms, nicolae_ru_awakened_eye, mainiacjoe_overflow_swirl,
          hellmonk_ecumenical_altar_inner_sanctum
D:4:      cheibrodos_helix_gallery, layout_basic
D:5:      layout_cave_pods, serial_shops, nicolae_take_the_stairs,
          lexackson_kobold_supper, uniq_eustachio, uniq_blork_the_orc
D:6:      layout_basic, mainiacjoe_overflow_catch_the_wave,
          mainiacjoe_overflow_concentric_impassable, nicolae_specific_store
D:7:      layout_basic, tgw_xom, nicolae_qazlal_style_of_elements,
          minmay_temple_entry_slanted
D:8:      layout_basic
D:9:      layout_basic, amcnicky_mini_corridor_feature, uniq_maurice
D:10:     layout_basic, due_lair_maze_entry_diamond, uniq_grum
D:11:     layout_cave_pools, uniq_amaemon

Skill      XL: |  1  2  3  4  5  6  7  8  9 10 11 |
---------------+----------------------------------+-----
Axes           | 4 5 7 8 9 11 14 16 19 20 | 20.7
Stealth        | 1 2 |  2.6
Fighting       | |  3.6
Armour         | |  2.4
Dodging        | |  2.1

Action                   |  1- 3 |  4- 6 |  7- 9 | 10-12 || total
-------------------------+-------+-------+-------+-------++-------
Melee: Hand axe          |    70 |   133 |   174 |       ||   377
       Headbutt          |     5 |    15 |    49 |    31 ||   100
       Punch             |       |     1 |     2 |       ||     3
       Battleaxe         |       |       |    86 |   214 ||   300
Invok: Berserk           |       |     1 |     7 |     6 ||    14
  Use: Scroll            |       |       |    18 |     5 ||    23
       Potion            |       |       |       |     2 ||     2
Armor: Animal skin       |     7 |       |       |       ||     7
       Leather armour    |     5 |       |       |       ||     5
       Plate armour      |     7 |    38 |   130 |   107 ||   282
Dodge: Dodged            |    55 |    83 |   141 |   117 ||   396
